 Dungeon Crawl Stone Soup version 0.30-a0-571-gdf30a72648 (webtiles) character file.

Game seed: 3429493683699771908

1047 freelancePsychic the Sneak (level 8, -2/48 HPs)
             Began as a Gargoyle Brigand on Dec 29, 2022.
             Slain by a wight
             ... wielding a +5 scimitar
              (19 damage)
             ... on level 5 of the Dungeon.
             The game lasted 00:12:47 (5820 turns).

freelancePsychic the Sneak (Gargoyle Brigand)       Turns: 5820, Time: 00:12:48

Health: -2/48      AC: 10    Str: 16    XL:     8   Next: 25%
Magic:  9/9        EV: 11    Int: 11    God:
Gold:   166        SH:  0    Dex: 13    Spells: 7/8 levels left

rFire   + . .      SeeInvis .    A - +3 dagger (venom)
rCold   . . .      Faith    .    (no shield)
rNeg    + . .      Spirit   .    f - +0 leather armour
rPois   ∞          Reflect  .    z - +0 helmet
rElec   +          Harm     .    c - +0 cloak
rCorr   .          Rampage  .    (no gloves)
Will    .....                    (no boots)
Stlth   +++                      x - amulet of the acrobat
HPRegen 0.28/turn                m - ring of protection from fire
MPRegen 0.11/turn                (no ring)

@: about to teleport
A: sickness immunity, AC +5, negative energy resistance 1, electricity
resistance, torment resistance 1, petrification resistance
a: no special abilities


You were on level 5 of the Dungeon.
You visited 1 branch of the dungeon, and saw 6 of its levels.

You collected 276 gold pieces.
You spent 110 gold pieces at shops.

Inventory:

Hand Weapons
 a - a +3 dagger
 A - a +3 dagger of venom (weapon)
Missiles
 d - 6 poisoned darts
 e - a curare-tipped dart (quivered)
 i - 5 boomerangs
Armour
 b - a +0 robe
 c - a +0 cloak (worn)
 f - a +0 leather armour (worn)
 z - a +0 helmet (worn)
Magical Staves
 g - a staff of conjuration
Jewellery
 m - a ring of protection from fire (left hand)
 q - an amulet of guardian spirit
 x - an amulet of the acrobat (around neck)
Scrolls
 s - 2 scrolls of blinking
 t - a scroll of magic mapping
 y - a scroll of amnesia
Potions
 h - a potion of lignification
 j - 8 potions of curing {@q1}
 l - 3 potions of brilliance
 n - 2 potions of haste {unknown}
 p - 2 potions of heal wounds {@q2}
 r - a potion of cancellation {unknown}
 u - 2 potions of mutation {unknown}
 v - a potion of attraction {unknown}
 w - a potion of might {unknown}


   Skills:
 + Level 3.9 Fighting
 - Level 2.2 Short Blades
 - Level 3.2 Throwing
 - Level 0.7 Dodging
 - Level 7.5 Stealth
 + Level 0.8 Spellcasting
 * Level 4.4 Conjurations
 * Level 4.1 Fire Magic


You had 7 spell levels left.
You knew the following spells:

 Your Spells              Type           Power      Damage    Failure   Level
a - Foxfire               Conj/Fire      40%        2x1d6     7%          1

Your spell library contained the following spells:

 Spells                   Type           Power      Damage    Failure   Level
 Fireball                 Conj/Fire      5%         3d5       88%         5
 Starburst                Conj/Fire      5%         6d4       100%        6


Dungeon Overview and Level Annotations

Branches:
Dungeon (6/15)
 Temple: D:4-7

Altars:

Shops:
D:1 (   D:2 *

Annotations:
D:6 Grinder


Innate Abilities, Weirdness & Mutations

You are immune to sickness and miasma.
Your stone body is resilient. (AC +5)
You are immune to poison.
You resist negative energy. (rN+)
You are resistant to electric shocks. (rElec)
You are resistant to unholy torment.
You are immune to petrification.


Message History

Confirm with . or Enter, or press ? or * to list all spells.
You conjure some foxfire!
The foxfire hits the ice beast but does no damage.
The ice beast is severely wounded.
The ice beast hits you. The ice beast freezes you!
Casting: Foxfire (safe; 8% risk of failure)
Confirm with . or Enter, or press ? or * to list all spells.
You conjure some foxfire!
The foxfire hits the ice beast.
The ice beast melts!
The ice beast is almost dead.
The foxfire hits the ice beast.
You kill the ice beast!
Your Fire Magic skill increases to level 4!
Casting: Foxfire (safe; 7% risk of failure)
Confirm with . or Enter, or press ? or * to list all spells.
You conjure some foxfire!
Your foxfire dissipates!
Your foxfire dissipates! x3
There is a stone staircase leading down here.
You start resting.
HP restored.
You start resting.
Magic restored.
You climb downwards.
Level annotation: Grinder An orc warrior comes into view.
It is wielding a +0 short sword.
There is a stone staircase leading up here.
The wight hits you with a +0 morningstar.
The wight hits you with a +5 scimitar!
You climb upwards.
There is a stone staircase leading down here.
As you read the scroll of teleportation {@r4}, it crumbles to dust.
You feel strangely unstable. The wight barely misses you. x2
You are too injured to fight recklessly!
You are too injured to fight recklessly!
You hit the wight but do no damage. The wight closely misses you.
The wight hits you with a +0 morningstar!
You hit the wight but do no damage. The wight hits you with a +5 scimitar.
The wight hits you with a +0 morningstar!
You barely miss the wight. The wight hits you with a +5 scimitar!!
You die...

##....#......##.(............
#..........###...............
##.........##..>#[...>.#..§..
#..........##÷##.#...)...§..
##........###...##..###.#...
##.#......##.........##.#...
#...............###.........
##.##.....[..........####...
####..##..@z....#..........
###....#.z....####.....#..<
#.....##..)...#.####...#...
##....###...................
#...........................
#.........###........#..###.
###...)........##...######..
###...#....).##.......#...
#.###...).###.##..#.....


You could see 2 wights.

Vanquished Creatures
  An ice beast (D:5)
  An ogre (D:4)
  Blork the orc (D:4)
  A necrophage (D:5)
  3 scorpions
  A howler monkey (D:6)
  A hound (D:5)
  A jelly (D:5)
  4 orc priests
  Ijyb (D:4)
  2 iguanas (D:5)
  3 orc wizards
  7 adders
  A shadow imp (D:5)
  3 white imps
  A worm (D:2)
  5 dart slugs
  17 orcs
  6 ball pythons
  4 endoplasms
  10 goblins
  10 hobgoblins
  4 jackals
  2 kobolds
  4 quokkas
  5 bats
  5 frilled lizards
  3 rats
107 creatures vanquished.

Vanquished Creatures (others)
  164 foxfires
  2 plants (D:3)
166 creatures vanquished.

Grand Total: 273 creatures vanquished

Notes
Turn   | Place    | Note
-------+----------+-------------------------------------------
     0 | D:1      | freelancePsychic the Gargoyle Brigand began the quest for
                  | the Orb.
     0 | D:1      | Reached XP level 1. HP: 12/12 MP: 1/1
   159 | D:1      | Reached XP level 2. HP: 17/17 MP: 2/2
   324 | D:1      | Found Tosomn's Antique Weapon Emporium.
   338 | D:1      | Reached skill level 5 in Stealth
   578 | D:1      | You fall into a shaft and drop 1 floor!
   596 | D:2      | Found Gorips's General Store.
   620 | D:2      | Reached XP level 3. HP: 12/21 MP: 3/3
  1506 | D:1      | Reached XP level 4. HP: 26/26 MP: 4/4
  1691 | D:2      | Reached skill level 6 in Stealth
  2087 | D:3      | Reached XP level 5. HP: 15/30 MP: 5/5
  2490 | D:4      | Noticed Ijyb
  2673 | D:4      | Reached skill level 7 in Stealth
  2930 | D:4      | Reached XP level 6. HP: 35/35 MP: 6/6
  3310 | D:4      | Noticed Blork the orc
  3346 | D:4      | Killed Blork the orc
  3347 | D:4      | Reached skill level 1 in Conjurations
  3347 | D:4      | Reached skill level 1 in Fire Magic
  3492 | D:4      | Learned a level 1 spell: Foxfire
  3660 | D:4      | Killed Ijyb
  3859 | D:5      | Entered Level 5 of the Dungeon
  3891 | D:4      | Reached XP level 7. HP: 30/40 MP: 7/7
  4222 | D:1      | Bought a glowing dagger for 110 gold pieces
  5158 | D:5      | Reached XP level 8. HP: 46/47 MP: 1/8
  5585 | D:6      | Noticed Grinder
  5733 | D:6      | Identified the +11 quarterstaff "Ugaeggou" {heavy, rF+
                  | Int+3 Dex-2}
  5734 | D:6      | Noticed a cyclops
  5820 | D:5      | Slain by a wight

Illustrated notes

Levels and vault maps discovered:
D:1:      wheals_arrival_shading, layout_basic, serial_shops,
          nicolae_diamond_shop
D:2:      layout_basic, serial_shops, shop
D:3:      layout_rooms, minmay_shallow_snake_nest
D:4:      layout_cave_pods, uniq_blork_the_orc, uniq_ijyb
D:5:      layout_cave_pools
D:6:      hangedman_cross_stitches, layout_rooms, minmay_temple_entry_poolview,
          uniq_grinder, uniq_duvessa, uniq_crazy_yiuf_cottage, uniq_maggie

Skill      XL: |  1  2  3  4  5  6  7  8 |
---------------+-------------------------+-----
Short Blades   | 2 |  2.2
Stealth        | 5 6 7 |  7.5
Throwing       | 2 3 |  3.2
Conjurations   | 2 3 4 |  4.4
Fire Magic     | 1 3 4 |  4.1
Fighting       | 3 |  3.9
Dodging        | |  0.7
Spellcasting   | |  0.8

Action                   |  1- 3 |  4- 6 |  7- 9 || total
-------------------------+-------+-------+-------++-------
Melee: Dagger            |   125 |   140 |    77 ||   342
       Punch             |     2 |     1 |     1 ||     4
Throw: Dart              |    16 |    41 |     5 ||    62
       Boomerang         |     3 |    19 |       ||    22
 Cast: Foxfire           |       |     5 |    83 ||    88
  Use: Scroll            |     2 |     5 |     9 ||    16
 Stab: Sleeping          |     4 |     2 |       ||     6
Armor: Leather armour    |    46 |    59 |    31 ||   136
Dodge: Dodged            |    69 |    87 |    45 ||   201

Table legend: (Time is in decaauts)
 A = Elapsed time spent in this place.
 B = Non-inter-level travel time spent in this place.
 C = Inter-level travel time spent in this place.
 D = Time resting spent in this place.
 E = Time spent auto-exploring this place.
 F = Levels seen in this place.
 G = Mean time per level.
                   A        B        C        D        E       F      G
               +--------+--------+--------+--------+--------+-----+--------+
         Total |   5792 |   5348 |    444 |    460 |   3738 |   6 |  965.3 |
       Dungeon |   5792 |   5348 |    444 |    460 |   3738 |   6 |  965.3 |
               +--------+--------+--------+--------+--------+-----+--------+

Top non-repeatable levels by time:
     D:4: 1702 daAuts
     D:5: 1473 daAuts
     D:2: 952 daAuts
     D:1: 859 daAuts
     D:3: 771 daAuts
     D:6: 33 daAuts
